 Dungeon Crawl Stone Soup version 0.23-a0-445-g768d57b (webtiles) character file.

112 Dfrag the Firebug (level 4, 0/30 HPs)
             Began as a Demonspawn Fire Elementalist on Nov 18, 2018.
             Shot with a stone by a goblin (5 damage)
             ... on level 2 of the Dungeon.
             The game lasted 00:03:25 (1463 turns).

Dfrag the Firebug (Demonspawn Fire Elementalist)    Turns: 1463, Time: 00:03:25

Health: 0/30       AC:  2    Str:  8    XL:     4   Next: 64%
Magic:  0/8        EV: 12    Int: 18    God:
Gold:   80         SH:  0    Dex: 13    Spells: 8/9 levels left

rFire    . . .     SeeInvis .   (no weapon)
rCold    + . .     Gourm    .   (no shield)
rNeg     . . .     Faith    .   a - +0 robe
rPois    .         Spirit   .   (no helmet)
rElec    .         Reflect  .   (no cloak)
rCorr    .         Harm     .   (no gloves)
MR       .....                  (no boots)
Stlth    ++........             (no amulet)
HPRegen  0.10/turn              (no ring)
MPRegen  0.11/turn              (no ring)

@: no status effects
A: cold resistance 1, sturdy frame 1
a: no special abilities


You were on level 2 of the Dungeon.
You were not hungry.

You visited 1 branch of the dungeon, and saw 3 of its levels.

You collected 80 gold pieces.

Inventory:

Hand Weapons
 j - a +0 mace of holy wrath
Armour
 a - a +0 robe (worn)
Scrolls
 e - a scroll of identify {unknown}
 f - a scroll of immolation {unknown}
 h - a scroll of blinking {unknown}
Potions
 b - 2 potions of curing {unknown}
 d - a potion of invisibility {unknown}
 g - a potion of brilliance {unknown}
Comestibles
 c - 4 rations


   Skills:
 - Level 1.7 Dodging
 - Level 1.7 Stealth
 + Level 3.1 Spellcasting
 + Level 2.6 Conjurations
 + Level 3.6 Fire Magic


You had 8 spell levels left.
You knew the following spells:

 Your Spells              Type           Power        Failure   Level  Hunger
a - Flame Tongue          Conj/Fire      ##...        4%          1    None

Your spell library contained the following spells:

 Spells                   Type           Power        Failure   Level  Hunger
 Throw Flame              Conj/Fire      ##....       7%          2    ##.....
 Conjure Flame            Conj/Fire      ##......     14%         3    ###....
 Inner Flame              Hex/Fire       #.......     24%         3    ###....
 Sticky Flame             Conj/Fire      ##......     41%         4    ####...
 Fireball                 Conj/Fire      ##........   77%         5    ######.


Dungeon Overview and Level Annotations

Branches:
Dungeon (3/15)

Altars:


Innate Abilities, Weirdness & Mutations

Your flesh is cold resistant. (rC+)
Your movements are slightly less encumbered by armour. (ER -2)


Message History

Casting: Flame Tongue (safe; 4% risk of failure)
Confirm with . or Enter, or press ? or * to list all spells.
Aiming: Flame Tongue (safe; 4% risk of failure)
Press: ? - help, Shift-Dir - straight line, f/p - gnoll
Aim: a gnoll, wielding a +0 spear (almost dead)
The flame tongue hits the gnoll.
The gnoll appears unharmed.
The gnoll is almost dead.
The gnoll hits you from afar with a +0 spear.
* * * LOW HITPOINT WARNING * * *
Unknown command.
Your magical contamination has completely faded away.
Casting: Flame Tongue (safe; 4% risk of failure)
Confirm with . or Enter, or press ? or * to list all spells.
Aiming: Flame Tongue (safe; 4% risk of failure)
Press: ? - help, Shift-Dir - straight line, f/p - gnoll
Aim: a gnoll, wielding a +0 spear (almost dead)
The flame tongue hits the gnoll.
You kill the gnoll!
The goblin shoots a stone.
The stone hits you.
You die...

#....).# #.# ##..
#....<.###.## #..
###......#..######
##............###
##..............##
#...........)....#
#................รท
#...............##
#@.)g....((..<..##
#....(............
#...............##
##.............##
##.....#.....##
#############


You could see a goblin.

Vanquished Creatures
  2 adders (D:2)
  4 gnolls
  2 dart slugs
  2 leopard geckos
  2 giant cockroaches (D:1)
  3 goblins (D:1)
  4 hobgoblins
  9 jackals
  3 ball pythons
  5 bats
  4 frilled lizards
  4 kobolds
  9 rats
53 creatures vanquished.

Notes
Turn   | Place    | Note
-------+----------+-------------------------------------------
     0 | D:1      | Dfrag the Demonspawn Fire Elementalist began the quest for
                  | the Orb.
     0 | D:1      | Reached XP level 1. HP: 13/13 MP: 3/3
   229 | D:1      | Gained mutation: Your movements are slightly less
                  | encumbered by armour. (ER -2) [demonic ancestry]
   229 | D:1      | Reached XP level 2. HP: 19/19 MP: 0/5
   637 | D:1      | Reached XP level 3. HP: 12/24 MP: 3/6
  1101 | D:3      | Gained mutation: Your flesh is cold resistant. (rC+)
                  | [demonic ancestry]
  1101 | D:3      | Reached XP level 4. HP: 25/30 MP: 3/8
  1463 | D:2      | Shot with a stone by a goblin

Vault maps used:
D:1:      dpeg_arrival_ratfight, nrook_mini_vaults
D:2:      cheibriados_altar_1, okawaru_metal_pillars_1_2, minmay_quantized
D:3:      uniq_ijyb, uniq_grinder

Skill      XL: |  1  2  3  4 |
---------------+-------------+-----
Fire Magic     | 3 |  3.6
Conjurations   | 2 |  2.6
Spellcasting   | 3 |  3.1
Dodging        | |  1.7
Stealth        | |  1.7

Action                   |  1- 3 |  4- 6 || total
-------------------------+-------+-------++-------
Melee: Unarmed           |    26 |     1 ||    27
 Cast: Flame Tongue      |    74 |    20 ||    94
  Eat: Chunk             |     1 |     1 ||     2
Armor: Robe              |     8 |       ||     8
Dodge: Dodged            |    53 |     9 ||    62

Table legend:
 A = Non-vault XP
 B = Vault XP
 C = Vault XP percentage of total XP
 D = Non-vault monster count
 E = Vault monster count
 F = Vault count percentage of total count
                 A         B        C        D         E       F
            +---------+---------+-------+---------+---------+-------
      Total |     156 |       5 |   3.1 |      48 |       5 |   9.4
            +---------+---------+-------+---------+---------+-------
        D:1 |      61 |       5 |   7.6 |      30 |       5 |  14.3
        D:2 |      93 |       0 |   0.0 |      17 |       0 |   0.0
        D:3 |       2 |       0 |   0.0 |       1 |       0 |   0.0
            +---------+---------+-------+---------+---------+-------
